AoeStats
← 675547935

Arabia

510729563Analyzed
1v1 RM · 12h ago on Oct 2, 2026· 35m 24s· 2 players
Game mode
Random Map
Map size
Tiny (2 player)
Population
200
Speed
Normal
Resources
Standard
Victory
Conquest
Starting age
Dark Age
Ending age
Imperial Age
RankedLock teamsTeams togetherTeam positionsShared explorationLock speedFull tech treeHidden civsTurbo modeCheats
Victory
Defeat
🇪🇸 Turks · Spain
1200
+15
🇦🇷 Teutons · Argentina
1172
-15
675547935
6:25 Loom
9:32 Feudal Age
10:19 Double-Bit Axe
17:15 Fletching
21:24 Castle Age
19:54 Forging
19:56 Gold Mining
19:56 Horse Collar
21:12 Bloodlines
21:16 Scale Barding Armor
25:01 Wheelbarrow
24:30 Pikeman
26:45 Bow Saw
28:15 Squires
28:58 Scale Mail Armor
35:13 Stone Mining
Robermad
6:14 Loom
8:57 Feudal Age
9:32 Double-Bit Axe
10:14 Horse Collar
15:11 Wheelbarrow
18:27 Castle Age
17:44 Bloodlines
17:49 Scale Barding Armor
18:39 Forging
20:27 Heavy Plow
21:28 Town Watch
26:04 Iron Casting
26:48 Husbandry
34:06 Imperial Age
35:23 Fletching
35:54 Chain Barding Armor
Connection lost

Rejoining the realm…

Still unreachable

The connection could not be restored.

Session expired

The server has moved on; the page needs a fresh start.